 Dungeon Crawl Stone Soup version 0.23-a0-181-g24f899a (webtiles) character file.

7175 Inarius the Fighter (level 10, -6/85 HPs)
             Began as a Mummy Fighter on Sept 19, 2018.
             Was an Initiate of Gozag.
             Mangled by a two-headed ogre
             ... wielding a +0 giant spiked club
              (27 damage)
             ... on level 10 of the Dungeon.
             The game lasted 00:24:58 (11921 turns).

Inarius the Fighter (Mummy Fighter)                Turns: 11921, Time: 00:24:58

Health: -6/85      AC: 15    Str: 22    XL:     10   Next: 86%
Magic:  12/12      EV:  6    Int:  9    God:    Gozag
Gold:   1092       SH: 11    Dex: 11    Spells: 9/9 levels left

rFire    + + .     SeeInvis .   z - +0 scimitar (flame)
rCold    + . .     Gourm    .   c - +0 shield
rNeg     + + +     Faith    .   t - +0 chain mail
rPois    ∞         Spirit   .   q - +2 helmet
rElec    .         Reflect  .   f - scarf {rC+ rF+}
rCorr    .         Harm     .   (no gloves)
MR       +....                  u - +0 pair of boots
Stlth    ..........             (no amulet)
HPRegen  0.24/turn              h - ring of protection from fire
MPRegen  0.13/turn              e - ring of fire

@: no status effects
A: no food or potions, fire vulnerability, cold resistance 1, negative energy
resistance 3, torment resistance, unbreathing
a: Potion Petition, Call Merchant, Bribe Branch, Renounce Religion


You were on level 10 of the Dungeon.
You worshipped Gozag.
Gozag was most pleased with you.
You were not hungry.

You visited 2 branches of the dungeon, and saw 11 of its levels.

You collected 1177 gold pieces.
You paid 85 gold pieces to Gozag.

Inventory:

Hand Weapons
 r - a +1 flail of protection
 z - a +0 scimitar of flaming (weapon)
Missiles
 d - a javelin
 x - 2 tomahawks (quivered)
Armour
 c - a +0 shield (worn)
 f - a scarf of resistance (worn)
 q - a +2 helmet (worn)
 t - a +0 chain mail (worn)
 u - a +0 pair of boots (worn)
Jewellery
 e - a ring of fire (right hand)
 h - a ring of protection from fire (left hand)
 o - an uncursed ring of resist corrosion
Wands
 a - a wand of polymorph (14)
 s - a wand of random effects (22)
 y - a wand of paralysis (8)
 A - a wand of iceblast (6)
 C - a wand of enslavement (10)
Scrolls
 b - a scroll of immolation
 g - 2 scrolls of teleportation
 i - 2 scrolls of enchant armour
 j - 5 scrolls of amnesia
 k - 3 scrolls of noise
 l - 2 scrolls of blinking
 m - a scroll of fog
 n - 6 scrolls of remove curse
 p - a scroll of magic mapping
 v - a scroll of brand weapon
 w - a scroll of identify
 B - a scroll of fear


   Skills:
 + Level 10.0 Fighting
 * Level 4.5 Long Blades
 - Level 2.1 Maces & Flails
 + Level 2.1 Throwing
 + Level 7.4 Armour
 - Level 7.0 Shields
 * Level 3.3 Evocations


You had 9 spell levels left.
You didn't know any spells.
Your spell library contained the following spells:

 Spells                   Type           Power        Failure   Level  Hunger
 Magic Dart               Conj           #...         100%        1    N/A
 Searing Ray              Conj           #.....       100%        2    N/A
 Dazzling Spray           Conj/Hex       #.....       100%        3    N/A
 Force Lance              Conj/Tloc      #.......     100%        4    N/A
 Fulminant Prism          Conj/Hex       #.........   100%        4    N/A
 Iskenderun's Mystic Bla  Conj           #.......     100%        4    N/A

Dungeon Overview and Level Annotations

Branches:
Dungeon (10/15)            Temple (1/1) D:6             Orc (0/2) D:9
   Lair: D:8-11

Altars:
Cheibriados
Dithmenos
Elyvilon
Fedhas
Gozag
Hepliaklqana
Okawaru
Qazlal
Sif Muna
Uskayaw
Vehumet
Xom
The Shining One

Annotations:
D:6 2 transporters


Innate Abilities, Weirdness & Mutations

You do not eat or drink.
Your flesh is vulnerable to fire.
You are immune to poison.
Your flesh is cold resistant. (rC+)
You are immune to negative energy. (rN+++)
You are immune to unholy pain and torment.
You can survive without breathing.


Message History

The two-headed ogre is heavily wounded.
The two-headed ogre hits you with a giant club!
You are too injured to fight recklessly!
You are too injured to fight recklessly!
You hit the two-headed ogre but do no damage.
The two-headed ogre is heavily wounded.
The two-headed ogre hits you with a giant spiked club!
* * * LOW HITPOINT WARNING * * *
You block the two-headed ogre's attack.
Your shield and chain mail prevent you from hitting the two-headed ogre.
The two-headed ogre is heavily wounded.
You block the two-headed ogre's attack.
The two-headed ogre hits you but does no damage.
You barely miss the two-headed ogre.
The two-headed ogre is heavily wounded.
You hit the two-headed ogre. You burn the two-headed ogre.
The two-headed ogre is heavily wounded.
The two-headed ogre hits you with a giant spiked club!!
You die...
Your body crumbles into a pile of gold.

#..### ... #.....#...
+.....#..# #
#.....#..####.#
#######+##....(#.......#
........##.....#.......#
..<.....##.....#.......#
#####'####.....O.......#
......)..#######@......#
.......................#
..........#####...)....#
..........#####.(.###..#
.................... .#
.....#####'#####'##... #
.....#........##.. ....
.###.#........##..# ...
.....#'###)(..# ..' ..


You could see a two-headed ogre.

Vanquished Creatures
  Erica (D:8)
  A two-headed ogre (D:8)
  Pikel (D:5)
  Psyche (D:9)
  A troll (D:9)
  A hippogriff (D:8)
  Sigmund (D:5)
  A wyvern (D:9)
  A hungry ghost (D:9)
  Menkaure (D:7)
  2 orc warriors
  An ice beast (D:5)
  2 sky beasts
  A black bear (D:9)
  12 ogres
  A phantom (D:8)
  2 centaurs
  5 big kobolds
  4 bullfrogs
  2 scorpions (D:9)
  6 killer bees (D:7)
  4 wights (D:7)
  3 howler monkeys
  4 crimson imps
  2 centaur zombies
  6 orc priests
  A bullfrog skeleton (D:10)
  2 hounds
  Jessica (D:2)
  Terence (D:2)
  7 orc wizards
  2 worker ants
  A hound skeleton (D:4)
  A howler monkey zombie (D:5)
  2 worker ant zombies
  A howler monkey skeleton (D:7)
  6 gnolls
  12 adders
  5 shadow imps
  3 adder zombies
  An adder skeleton (D:5)
  A dart slug (D:1)
  4 leopard geckos
  36 orcs
  2 ball pythons
  8 giant cockroaches
  9 goblins
  12 hobgoblins
  9 jackals
  17 kobolds
  4 quokkas
  8 bats
  6 frilled lizards
  A jackal skeleton (D:4)
  A leopard gecko skeleton (D:8)
  A quokka skeleton (D:6)
  A quokka zombie (D:9)
  10 rats
243 creatures vanquished.

Notes
Turn   | Place    | Note
-------+----------+-------------------------------------------
     0 | D:1      | Inarius the Mummy Fighter began the quest for the Orb.
     0 | D:1      | Reached XP level 1. HP: 18/18 MP: 1/1
   195 | D:1      | Reached XP level 2. HP: 24/24 MP: 2/2
   791 | D:2      | Reached XP level 3. HP: 17/29 MP: 3/3
  1132 | D:2      | Noticed Jessica
  1148 | D:2      | Killed Jessica
  1148 | D:2      | Reached skill level 4 in Fighting
  1148 | D:2      | Reached XP level 4. HP: 35/37 MP: 4/4
  1345 | D:2      | Noticed Terence
  1374 | D:2      | Killed Terence
  1374 | D:2      | Reached XP level 5. HP: 19/43 MP: 5/5
  1961 | D:3      | Noticed an ogre
  3172 | D:3      | Killed an ogre
  3172 | D:3      | Reached XP level 6. HP: 50/50 MP: 6/6
  3780 | D:4      | Reached skill level 5 in Fighting
  3780 | D:4      | Reached skill level 1 in Throwing
  3970 | D:4      | Reached XP level 7. HP: 45/56 MP: 7/7
  4666 | D:5      | Entered Level 5 of the Dungeon
  4727 | D:5      | Reached skill level 6 in Fighting
  4745 | D:5      | Found a snail-covered altar of Cheibriados.
  4889 | D:5      | Reached XP level 8. HP: 32/65 MP: 8/8
  5256 | D:5      | Noticed Sigmund
  5285 | D:5      | Killed Sigmund
  5285 | D:5      | Reached skill level 7 in Fighting
  5285 | D:5      | Reached skill level 5 in Shields
  5413 | D:5      | Found a stormy altar of Qazlal.
  5467 | D:5      | Noticed Pikel
  5488 | D:5      | Killed Pikel
  5488 | D:5      | Reached skill level 5 in Armour
  5654 | D:5      | Found a hazy altar of Hepliaklqana.
  5775 | D:5      | Found an iron altar of Okawaru.
  5910 | D:6      | Found a transporter.
  5939 | D:6      | Found a blossoming altar of Fedhas.
  6017 | D:6      | Found a staircase to the Ecumenical Temple.
  6027 | Temple   | Entered the Ecumenical Temple
  6057 | Temple   | Became a worshipper of Gozag Ym Sagoz the Greedy
  6584 | D:6      | Found a transporter.
  6691 | D:7      | Noticed Menkaure
  6700 | D:7      | Killed Menkaure
  6700 | D:7      | Reached skill level 8 in Fighting
  6700 | D:7      | Reached XP level 9. HP: 28/74 MP: 9/9
  7087 | D:7      | Found a shadowy altar of Dithmenos.
  7357 | D:7      | Found a snail-covered altar of Cheibriados.
  8475 | D:7      | Reached skill level 9 in Fighting
  8829 | D:7      | Reached skill level 1 in Evocations
  9432 | D:8      | Noticed a two-headed ogre
  9635 | D:8      | Killed a two-headed ogre
  9635 | D:8      | Reached XP level 10. HP: 50/83 MP: 11/11
 10125 | D:8      | Noticed Erica
 10160 | D:8      | Killed Erica
 10382 | D:8      | Found a deep blue altar of Sif Muna.
 10382 | D:8      | Found a shimmering altar of Xom.
 10383 | D:8      | Found a radiant altar of Vehumet.
 10586 | D:9      | Reached skill level 1 in Long Blades
 10610 | D:9      | Noticed Psyche
 10626 | D:9      | Killed Psyche
 10848 | D:9      | Found a white marble altar of Elyvilon.
 11061 | D:9      | Found a staircase to the Orcish Mines.
 11136 | D:9      | Reached skill level 10 in Fighting
 11154 | D:9      | HP: 4/85 [wyvern (12)]
 11157 | D:9      | Found a hide-covered altar of Uskayaw.
 11795 | D:10     | Entered Level 10 of the Dungeon
 11910 | D:10     | Noticed a two-headed ogre
 11921 | D:10     | Mangled by a two-headed ogre

Vault maps used:
D:1:      dpeg_arrival_tiny_c, serial_forest, infiniplex_forest_corner_1,
          infiniplex_forest_clump_C, infiniplex_forest_clump_medium,
          infiniplex_forest_clump_tiny, infiniplex_forest_clump_large,
          kennysheep_boxes
D:2:      uniq_jessica, uniq_terence
D:3:      st_stairs_8, kennysheep_generic_room_11
D:4:      first_ration
D:5:      lemuel_crystal_altar, nicolae_overflow_hidden_temple,
          kennysheep_little_box, basic_altar, uniq_sigmund, uniq_pikel
D:6:      gammafunk_steamed_eel, fedhas_altar_3,
          minmay_temple_entry_statues_fountains
D:7:      nicolae_dithmenos_shadow_blocks, basic_altar, uniq_menkaure
D:8:      minitemple, uniq_erica
D:9:      eat_drink_and_be_merry_uskayaw, elyvilon_altar_1,
          kennysheep_orc_monster_closet_entryway, uniq_psyche
D:10:     minmay_stone_box, basic_altar, blue_anna_alchemist, uniq_grum
Temple:   minmay_temple_forest_path

Skill      XL: |  1  2  3  4  5  6  7  8  9 10 |
---------------+-------------------------------+-----
Fighting       | 4 5 6 8 9 10 | 10.0
Armour         | 3 4 5 6 7 |  7.4
Shields        | 3 4 6 7 |  7.0
Throwing       | 1 2 |  2.1
Evocations     | 2 3 |  3.3
Maces & Flails | 2 |  2.1
Long Blades    | 4 |  4.5

Action                   |  1- 3 |  4- 6 |  7- 9 | 10-12 || total
-------------------------+-------+-------+-------+-------++-------
Melee: Flail             |   143 |   297 |   567 |    59 ||  1066
       Scimitar          |       |       |       |   270 ||   270
Throw: Stone             |       |    54 |     6 |       ||    60
       Javelin           |       |     2 |    20 |     5 ||    27
       Tomahawk          |       |       |       |     4 ||     4
Invok: Potion Petition   |       |       |     1 |       ||     1
Evoke: Wand              |       |       |     9 |    10 ||    19
  Use: Scroll            |       |     9 |     4 |     3 ||    16
 Stab: Paralysed         |       |       |     5 |       ||     5
Armor: Scale mail        |    68 |   150 |       |       ||   218
       Chain mail        |       |    13 |   426 |   202 ||   641
Dodge: Dodged            |    48 |   128 |   147 |    63 ||   386
Block: Shield            |    68 |   183 |   376 |   190 ||   817
       Rpst.: Scimitar   |       |       |       |    15 ||    15

Table legend:
 A = Non-vault XP
 B = Vault XP
 C = Vault XP percentage of total XP
 D = Non-vault monster count
 E = Vault monster count
 F = Vault count percentage of total count
                 A         B        C        D         E       F
            +---------+---------+-------+---------+---------+-------
      Total |    6240 |    4011 |  39.1 |     214 |      29 |  11.9
            +---------+---------+-------+---------+---------+-------
        D:1 |      31 |       0 |   0.0 |      19 |       0 |   0.0
        D:2 |     112 |      73 |  39.5 |      26 |       2 |   7.1
        D:3 |     273 |       4 |   1.4 |      34 |       2 |   5.6
        D:4 |     575 |       0 |   0.0 |      25 |       0 |   0.0
        D:5 |     544 |     794 |  59.3 |      22 |       2 |   8.3
        D:6 |     294 |       0 |   0.0 |      16 |       0 |   0.0
        D:7 |    1586 |     175 |   9.9 |      30 |       1 |   3.2
        D:8 |    1667 |    1007 |  37.7 |      12 |       2 |  14.3
        D:9 |     905 |    1958 |  68.4 |      22 |      20 |  47.6
       D:10 |     253 |       0 |   0.0 |       8 |       0 |   0.0
            +---------+---------+-------+---------+---------+-------
